AoeStats
← Random

African Clearing

506995957Analyzed
4v4 RM · 16d ago on Sep 16, 2026· 46m 12s· 8 players
Game mode
Random Map
Map size
Large (8 player)
Population
200
Speed
Normal
Resources
Standard
Victory
Conquest
Starting age
Dark Age
Ending age
Imperial Age
RankedLock teamsTeams togetherTeam positionsShared explorationLock speedFull tech treeHidden civsTurbo modeCheats
Victory
Defeat
🇺🇸 Saracens · United States
1749
+12
🇧🇩 Japanese · Bangladesh
1729
+13
🇧🇩 Bulgarians · Bangladesh
1676
+15
🇨🇦 Romans · Canada
1635
+17
🇨🇳 Wei · China
1691
-16
🇹🇼 Celts · Taiwan
1652
-14
🇺🇸 Bohemians · United States
1652
-14
🇺🇸 Vikings · United States
1633
-13
Wuyen
9:54 Loom
13:02 Feudal Age
16:28 Fletching
29:12 Castle Age
29:19 Crossbowman
30:03 Bodkin Arrow
35:15 Double-Bit Axe
35:12 Horse Collar
36:42 Wheelbarrow
36:03 Town Watch
38:14 Bow Saw
42:01 Imperial Age
42:10 Imperial Age
40:12 Man-at-Arms
40:56 Scale Mail Armor
41:13 Long Swordsman
41:39 Gambesons
42:02 Gold Mining
42:13 Two-Handed Swordsman
44:05 Conscription
43:26 Champion
儒门大吊-日食
14:42 Feudal Age
18:28 Castle Age
16:28 Double-Bit Axe
16:50 Fishing Lines
18:07 Loom
18:25 Gold Mining
21:11 Forging
22:00 Scale Barding Armor
22:40 Wheelbarrow
24:48 Gold Shaft Mining
24:30 Bow Saw
26:58 Chain Barding Armor
29:25 Horse Collar
31:20 Stone Mining
31:34 Heavy Plow
34:45 Hand Cart
35:29 Fletching
39:59 Imperial Age
38:37 Iron Casting
39:56 Stone Shaft Mining
41:43 Blast Furnace
41:24 Conscription
41:06 Tuntian
41:45 Elite Tiger Cavalry
43:33 Husbandry
43:44 Bloodlines
44:16 Bodkin Arrow
45:45 Bracer
_kill3rJ
13:28 Feudal Age
12:56 Loom
17:58 Castle Age
16:06 Double-Bit Axe
16:43 Fishing Lines
18:42 Gillnets
25:19 Scale Mail Armor
26:55 Horse Collar
28:02 Forging
29:33 Chain Mail Armor
29:47 Squires
29:57 Arson
32:14 Chieftains
33:18 Fletching
34:04 Bodkin Arrow
39:29 Imperial Age
37:14 Pikeman
40:50 Bracer
43:43 Man-at-Arms
Random
8:49 Loom
11:05 Feudal Age
11:33 Double-Bit Axe
17:06 Fletching
19:07 Padded Archer Armor
29:49 Castle Age
29:13 Horse Collar
30:49 Bow Saw
30:39 Heavy Plow
38:15 Wheelbarrow
37:26 Town Watch
37:47 Bodkin Arrow
38:36 Ballistics
39:19 Chemistry
39:31 Leather Archer Armor
44:37 Imperial Age
Vladimir Computin
9:51 Loom
13:51 Feudal Age
17:42 Castle Age
16:18 Double-Bit Axe
17:23 Fishing Lines
18:40 Bow Saw
23:33 Gillnets
26:42 Wheelbarrow
25:58 Stone Mining
27:36 Scale Mail Armor
27:47 Forging
28:30 Chain Mail Armor
28:20 Squires
31:43 Arson
32:54 Iron Casting
35:49 Fletching
36:50 Horse Collar
41:49 Imperial Age
39:51 Gold Mining
41:29 Hand Cart
42:48 Town Watch
42:29 Elite Samurai
43:39 Plate Mail Armor
44:10 Blast Furnace
43:58 Conscription
44:23 Kataparuto
44:58 Ballistics
44:50 Masonry
46:31 Siege Engineers
BeardyMan37
12:30 Feudal Age
16:29 Castle Age
14:44 Double-Bit Axe
15:43 Loom
17:52 Bow Saw
17:29 Horse Collar
22:02 Fervor
22:26 Sanctity
32:02 Wheelbarrow
31:13 Town Watch
ThreeEyedRaven
8:13 Loom
9:00 Loom
12:48 Feudal Age
16:52 Scale Mail Armor
17:03 Forging
18:41 Double-Bit Axe
29:08 Castle Age
28:03 Horse Collar
30:16 Bow Saw
33:07 Wheelbarrow
32:17 Town Watch
34:21 Scale Barding Armor
34:51 Iron Casting
34:48 Heavy Plow
34:39 Stone Mining
34:39 Gold Mining
35:18 Bloodlines
35:09 Husbandry
35:35 Chain Barding Armor
36:08 Hand Cart
41:32 Imperial Age
39:35 Chain Barding Armor
39:27 Bloodlines
39:17 Husbandry
42:56 Plate Barding Armor
43:48 Blast Furnace
42:54 Elite Konnik
46:28 Chain Mail Armor
TomRiddle
8:43 Loom
11:16 Feudal Age
11:43 Double-Bit Axe
11:22 Man-at-Arms
11:59 Double-Bit Axe
14:18 Padded Archer Armor
15:19 Fletching
17:17 Town Watch
19:34 Scale Mail Armor
24:51 Castle Age
23:11 Horse Collar
23:24 Gold Mining
25:09 Wheelbarrow
25:44 Bow Saw
26:27 Scale Barding Armor
26:35 Bloodlines
27:39 Chain Barding Armor
28:53 Husbandry
33:19 Forging
35:14 Hand Cart
37:07 Heavy Plow
38:02 Iron Casting
43:28 Imperial Age
42:40 Gold Shaft Mining
42:15 Bodkin Arrow
43:33 Cavalier
44:49 Plate Barding Armor
45:33 Blast Furnace
46:39 Crop Rotation
Connection lost

Rejoining the realm…

Still unreachable

The connection could not be restored.

Session expired

The server has moved on; the page needs a fresh start.